3L
D.C. DIVIDED @ SEATTLE ROCKETEERS
07/28/2039
 
TOP OF THE 1ST
D.C. Divided batting - Pitching for Seattle Rocketeers : LHP Marcos Tejedor
Pitching: LHP Marcos Tejedor
Batting: LHB Stanley Zijm 0-0: Ball
1-0: Called Strike
1-1: Foul Ball, location: 2F
1-2: Foul Ball, location: 2F
1-2: Ball
2-2: DOUBLE (Line Drive, 78D, EV 105.0 MPH)
Batting: LHB Bill Butler 0-0: Ball
1-0: Foul Ball, location: 2F
1-1: Ball
2-1: Ball
3-1: Ground out U3 (Groundball, 3S, EV 82.5 MPH)
Stanley Zijm to third
Batting: RHB Martín Chávez 0-0: Called Strike
0-1: Swinging Strike
0-2: Ball
1-2: Ball
2-2: Strikes out swinging
Batting: RHB Mario Castillo 0-0: Ball
1-0: Ball
2-0: Ground out 4-3 (Groundball, 4, EV 75.6 MPH)
Top of the 1st over - 0 runs, 1 hit, 0 errors, 1 left on base; D.C. 0 - Seattle 0
BOTTOM OF THE 1ST
Seattle Rocketeers batting - Pitching for D.C. Divided : RHP Octavius Pringle
Pitching: RHP Octavius Pringle
Batting: SHB Obke Preesman 0-0: Foul Ball, location: 2F
0-1: Fly out, F7 (Flyball, 7S, EV 85.0 MPH)
Batting: RHB Meester Gobbles-Rooster 0-0: Called Strike
0-1: Fly out, F7 (Flyball, 78XD, EV 109.4 MPH)
Batting: RHB Alain Grosjean 0-0: Called Strike
0-1: Swinging Strike
0-2: Fly out, F8 (Flyball, 8LD, EV 92.5 MPH)
Bottom of the 1st over - 0 runs, 0 hits, 0 errors, 0 left on base; D.C. 0 - Seattle 0
TOP OF THE 2ND
D.C. Divided batting - Pitching for Seattle Rocketeers : LHP Marcos Tejedor
Batting: LHB Alex Avery 0-0: DOUBLE (Line Drive, 8LXD, EV 100.0 MPH)
Batting: RHB Kimi Okubo 0-0: Called Strike
0-1: Ball
1-1: Called Strike
1-2: Ground out 6-3 (Groundball, 6, EV 83.1 MPH)
Batting: LHB Dallas Ihde 0-0: Called Strike
0-1: Foul Ball, location: 2F
0-2: Strikes out swinging
Batting: RHB Júlio Rodríguez 0-0: Ball
1-0: Called Strike
1-1: Ball
2-1: Fly out, F9 (Flyball, 9S, EV 91.2 MPH)
Top of the 2nd over - 0 runs, 1 hit, 0 errors, 1 left on base; D.C. 0 - Seattle 0
BOTTOM OF THE 2ND
Seattle Rocketeers batting - Pitching for D.C. Divided : RHP Octavius Pringle
Batting: RHB Bastiaan Pieterse 0-0: Ball
1-0: Ball
2-0: Called Strike
2-1: Ball
3-1: SINGLE (Groundball, 13S, EV 69.4 MPH) (infield hit)
Batting: RHB Claudio Tappen 0-0: Called Strike
0-1: Foul Ball, location: 2F
0-2: Ball
1-2: Foul Ball, location: 2F
1-2: Ball
2-2: Ground out 6-3 (Groundball, 4MS, EV 66.9 MPH)
Bastiaan Pieterse to second
Batting: SHB Glyn Bolasky 0-0: Swinging Strike
0-1: Fly out, F8 (Flyball, 78XD, EV 96.9 MPH)
Batting: RHB Jurgen Flurgenburgen 0-0: Called Strike
0-1: Swinging Strike
0-2: Foul Ball, location: 2F
0-2: Fly out, F5 (Popup, 15, EV 89.4 MPH)
Bottom of the 2nd over - 0 runs, 1 hit, 0 errors, 1 left on base; D.C. 0 - Seattle 0
TOP OF THE 3RD
D.C. Divided batting - Pitching for Seattle Rocketeers : LHP Marcos Tejedor
Batting: RHB Nick Boyd 0-0: Called Strike
0-1: Foul Ball, location: 2F
0-2: Ball
1-2: Ball
2-2: Ball
3-2: Fly out, F8 (Flyball, 8LD, EV 98.8 MPH)
Batting: LHB Stanley Zijm 0-0: Reached on error, E7 (Line Drive, 7, EV 102.5 MPH)
Batting: LHB Bill Butler 0-0: Ball
1-0: Called Strike
1-1: Ground out 2-3 (Groundball, 15S, EV 63.1 MPH)
Stanley Zijm to third
Batting: RHB Martín Chávez 0-0: Ball
1-0: Ground out 5-3 (Groundball, 5, EV 104.4 MPH)
Top of the 3rd over - 0 runs, 0 hits, 1 error, 1 left on base; D.C. 0 - Seattle 0
BOTTOM OF THE 3RD
Seattle Rocketeers batting - Pitching for D.C. Divided : RHP Octavius Pringle
Batting: SHB Charles Geudre 0-0: Ball
1-0: Ball
2-0: Foul Ball, location: 2F
2-1: Called Strike
2-2: Ball
3-2: Base on Balls
Batting: SHB Lodd Felton 0-0: Ball
1-0: Ball
2-0: Called Strike
2-1: Called Strike
2-2: Strikes out swinging
Batting: SHB Obke Preesman 0-0: Called Strike
0-1: Fielders Choice at 2nd, 5-4 (Groundball, 5, EV 81.2 MPH)
Batting: RHB Meester Gobbles-Rooster 0-0: Called Strike
0-1: Ball
1-1: Ball
2-1: Swinging Strike
2-2: Ball
3-2: Base on Balls
Obke Preesman to second
Batting: RHB Alain Grosjean 0-0: Ball
1-0: Ground out 6-3 (Groundball, 6M, EV 76.9 MPH)
Bottom of the 3rd over - 0 runs, 0 hits, 0 errors, 2 left on base; D.C. 0 - Seattle 0
TOP OF THE 4TH
D.C. Divided batting - Pitching for Seattle Rocketeers : LHP Marcos Tejedor
Batting: RHB Mario Castillo 0-0: Ball
1-0: Called Strike
1-1: Ball
2-1: Ball
3-1: Called Strike
3-2: Foul Ball, location: 2F
3-2: DOUBLE (Groundball, 5L, EV 97.5 MPH)
Batting: LHB Alex Avery 0-0: Called Strike
0-1: Ball
1-1: Ball
2-1: Foul Ball, location: 2F
2-2: Strikes out swinging
Batting: RHB Kimi Okubo 0-0: Ball
1-0: Ball
2-0: SINGLE (Line Drive, 89S, EV 109.4 MPH)
Mario Castillo to third
Runner from 3rd tries for Home, SAFE, no throw by RF
Batting: LHB Dallas Ihde 0-0: Foul Ball, location: 2F
0-1: Ball
1-1: Ball
2-1: Fielders Choice at 2nd, 4-6 (Groundball, 34, EV 108.1 MPH)
Batting: RHB Júlio Rodríguez 0-0: Fielders Choice at 2nd, 6-4 (Groundball, 6, EV 87.5 MPH)
Top of the 4th over - 1 run, 2 hits, 0 errors, 1 left on base; D.C. 1 - Seattle 0
BOTTOM OF THE 4TH
Seattle Rocketeers batting - Pitching for D.C. Divided : RHP Octavius Pringle
Batting: RHB Bastiaan Pieterse 0-0: Ball
1-0: Foul Ball, location: 2F
1-1: DOUBLE (Line Drive, 3D, EV 106.2 MPH)
Batting: RHB Claudio Tappen 0-0: Ball
1-0: Fly out, F9 (Flyball, 9S, EV 83.8 MPH)
Batting: SHB Glyn Bolasky 0-0: Foul Ball, location: 2F
0-1: Ground out 5-3 (Groundball, 56, EV 80.6 MPH)
Batting: RHB Jurgen Flurgenburgen 0-0: Ball
1-0: Ball
2-0: Called Strike
2-1: Ball
3-1: Fly out, F4 (Line Drive, 4, EV 61.2 MPH)
Bottom of the 4th over - 0 runs, 1 hit, 0 errors, 1 left on base; D.C. 1 - Seattle 0
TOP OF THE 5TH
D.C. Divided batting - Pitching for Seattle Rocketeers : LHP Marcos Tejedor
Batting: RHB Nick Boyd 0-0: Ball
1-0: Called Strike
1-1: Ball
2-1: Foul Ball, location: 2F
2-2: Ball
3-2: Foul Ball, location: 2F
3-2: Foul Ball, location: 2F
3-2: Base on Balls
Batting: LHB Stanley Zijm 0-0: Fly out, F7 (Flyball, 7, EV 90.0 MPH)
Batting: LHB Bill Butler 0-0: Swinging Strike
0-1: Swinging Strike
0-2: Ball
1-2: Ball
2-2: DOUBLE (Flyball, 8LXD, EV 100.6 MPH)
Nick Boyd to third
Runner from 3rd tries for Home, SAFE, throw by CF to home
Batting: RHB Martín Chávez 0-0: Ball
1-0: Foul Ball, location: 2F
1-1: Ball
2-1: Ball
3-1: Ground out 5-3 (Groundball, 56, EV 88.8 MPH)
Batting: RHB Mario Castillo 0-0: Called Strike
0-1: Ball
1-1: Foul Ball, location: 2F
1-2: Fly out, F9 (Flyball, 9, EV 90.6 MPH)
Top of the 5th over - 1 run, 1 hit, 0 errors, 1 left on base; D.C. 2 - Seattle 0
BOTTOM OF THE 5TH
Seattle Rocketeers batting - Pitching for D.C. Divided : RHP Octavius Pringle
Batting: SHB Charles Geudre 0-0: Called Strike
0-1: Ball
1-1: Ball
2-1: DOUBLE (Line Drive, 7LS, EV 113.1 MPH)
Batting: SHB Lodd Felton 0-0: Foul Ball, location: 2F
0-1: Foul Ball, location: 2F
0-2: Ball
1-2: Ground out 1-3 (Groundball, 13, EV 71.2 MPH)
Charles Geudre to third
Batting: SHB Obke Preesman 0-0: Called Strike
0-1: Foul Ball, location: 2F
0-2: Strikes out swinging
Batting: RHB Meester Gobbles-Rooster 0-0: Ball
1-0: Ball
2-0: Foul Ball, location: 2F
2-1: Ball
3-1: Called Strike
3-2: Strikes out looking
Bottom of the 5th over - 0 runs, 1 hit, 0 errors, 1 left on base; D.C. 2 - Seattle 0
TOP OF THE 6TH
D.C. Divided batting - Pitching for Seattle Rocketeers : LHP Marcos Tejedor
Batting: LHB Alex Avery 0-0: Called Strike
0-1: Ball
1-1: SINGLE (Line Drive, 78M, EV 100.6 MPH)
Batting: RHB Kimi Okubo 0-0: Foul Ball, location: 2F
0-1: Bunted foul
0-2: Ball
1-2: Ball
2-2: Ball
3-2: Base on Balls
Alex Avery to second
Pitching: RHP Alexander Goodpasture
Batting: LHB Dallas Ihde 0-0: Ball
1-0: Called Strike
1-1: Foul Ball, location: 2F
1-2: Ball
2-2: Foul Ball, location: 2F
2-2: Ball
3-2: Base on Balls
Alex Avery to third
Kimi Okubo to second
Batting: RHB Júlio Rodríguez 0-0: Ball
1-0: Foul Ball, location: 2F
1-1: Called Strike
1-2: Ball
2-2: Strikes out swinging
Batting: RHB Nick Boyd 0-0: Swinging Strike
0-1: Foul Ball, location: 2F
0-2: Ball
1-2: Foul Ball, location: 2F
1-2: Ball
2-2: Ball
3-2: Foul Ball, location: 2F
3-2: Foul Ball, location: 2F
3-2: Base on Balls
Alex Avery scores
Kimi Okubo to third
Dallas Ihde to second
Batting: LHB Stanley Zijm 0-0: Called Strike
0-1: Foul Ball, location: 2F
0-2: SINGLE (Groundball, 34D, EV 100.6 MPH)
Kimi Okubo scores
Dallas Ihde to third
Nick Boyd to second
Runner from 3rd tries for Home, SAFE, throw by RF to home
Batting: LHB Bill Butler 0-0: Foul Ball, location: 2F
0-1: Ball
1-1: Foul Ball, location: 2F
1-2: Foul Ball, location: 2F
1-2: Ball
2-2: Fly out, F8 (Flyball, 89XD, EV 90.6 MPH)
Runner from 2nd tags up, SAFE at 3rd, no throw by CF
Batting: RHB Martín Chávez 0-0: Called Strike
0-1: Ball
1-1: Foul Ball, location: 2F
1-2: Foul Ball, location: 2F
1-2: Foul Ball, location: 2F
1-2: Foul Ball, location: 2F
1-2: Strikes out swinging
Top of the 6th over - 3 runs, 2 hits, 0 errors, 2 left on base; D.C. 5 - Seattle 0
BOTTOM OF THE 6TH
Seattle Rocketeers batting - Pitching for D.C. Divided : RHP Octavius Pringle
Batting: RHB Alain Grosjean 0-0: Swinging Strike
0-1: Ball
1-1: Ground out 6-3 (Groundball, 4M, EV 81.9 MPH)
Batting: RHB Bastiaan Pieterse 0-0: Called Strike
0-1: Fly out, F8 (Line Drive, 8RM, EV 90.6 MPH)
Batting: RHB Claudio Tappen 0-0: Called Strike
0-1: Ball
1-1: Called Strike
1-2: Foul Ball, location: 2F
1-2: Ball
2-2: Ball
3-2: SINGLE (Line Drive, 89M, EV 96.2 MPH)
Batting: SHB Glyn Bolasky 0-0: Called Strike
0-1: Called Strike
Claudio Tappen steals 2nd base
Pinch Runner at 2nd Rafael Barrueco: 0-2: Ball
1-2: Foul Ball, location: 2F
1-2: Ball
2-2: Foul Ball, location: 2F
2-2: Foul Ball, location: 2F
2-2: Ball
3-2: Foul Ball, location: 2F
3-2: Foul Ball, location: 2F
3-2: 2-RUN HOME RUN (Flyball, 9D, EV 87.5 MPH), Distance : 349 ft
Batting: RHB Jurgen Flurgenburgen 0-0: Called Strike
0-1: Fly out, F9 (Flyball, 9LMF, EV 92.5 MPH)
Bottom of the 6th over - 2 runs, 2 hits, 0 errors, 0 left on base; D.C. 5 - Seattle 2
TOP OF THE 7TH
D.C. Divided batting - Pitching for Seattle Rocketeers : RHP Alexander Goodpasture
Now in RF: Rafael Barrueco
Batting: RHB Mario Castillo 0-0: Swinging Strike
0-1: Ball
1-1: Swinging Strike
1-2: Strikes out swinging
Batting: LHB Alex Avery 0-0: Ball
1-0: Called Strike
1-1: Ball
2-1: Foul Ball, location: 2F
2-2: Ground out U3 (Groundball, 3, EV 100.0 MPH)
Batting: RHB Kimi Okubo 0-0: Ball
1-0: Ball
2-0: Swinging Strike
2-1: Foul Ball, location: 2F
2-2: Ball
3-2: Foul Ball, location: 2F
3-2: Foul Ball, location: 2F
3-2: Ground out 1-3 (Groundball, 34S, EV 78.8 MPH)
Top of the 7th over - 0 runs, 0 hits, 0 errors, 0 left on base; D.C. 5 - Seattle 2
BOTTOM OF THE 7TH
Seattle Rocketeers batting - Pitching for D.C. Divided : RHP Octavius Pringle
Batting: SHB Charles Geudre 0-0: Ball
1-0: Ball
2-0: Called Strike
2-1: Swinging Strike
2-2: Foul Ball, location: 2F
2-2: Strikes out swinging
Pitching: RHP Baker Mayfield
Batting: SHB Lodd Felton 0-0: Foul Ball, location: 2F
0-1: Ball
1-1: Ball
2-1: Foul Ball, location: 2F
2-2: Ground out 1-3 (Groundball, 13, EV 80.0 MPH)
Batting: SHB Obke Preesman 0-0: Called Strike
0-1: Swinging Strike
0-2: Ball
1-2: Ground out 4-3 (Groundball, 34, EV 106.9 MPH)
Bottom of the 7th over - 0 runs, 0 hits, 0 errors, 0 left on base; D.C. 5 - Seattle 2
TOP OF THE 8TH
D.C. Divided batting - Pitching for Seattle Rocketeers : RHP Alexander Goodpasture
Pitching: RHP Cristóbal Román
Batting: LHB Dallas Ihde 0-0: Foul Ball, location: 2F
0-1: SINGLE (Groundball, 5D, EV 93.8 MPH)
Batting: RHB Júlio Rodríguez 0-0: Bunted foul
0-1: Ball
1-1: Sac Bunt to 13S - play at first, batter OUT! 1-4
Dallas Ihde to second
Batting: RHB Nick Boyd 0-0: Ball
1-0: Ball
2-0: Swinging Strike
2-1: Swinging Strike
2-2: Ball
3-2: Strikes out swinging
Batting: LHB Stanley Zijm 0-0: Called Strike
0-1: Ball
1-1: Ball
2-1: Foul Ball, location: 2F
2-2: Strikes out swinging
Top of the 8th over - 0 runs, 1 hit, 0 errors, 1 left on base; D.C. 5 - Seattle 2
BOTTOM OF THE 8TH
Seattle Rocketeers batting - Pitching for D.C. Divided : RHP Baker Mayfield
Batting: RHB Meester Gobbles-Rooster 0-0: Ball
1-0: Ground out 6-3 (Groundball, 6, EV 80.6 MPH)
Batting: RHB Alain Grosjean 0-0: Called Strike
0-1: Ball
1-1: Swinging Strike
1-2: Strikes out swinging
Batting: RHB Bastiaan Pieterse 0-0: Called Strike
0-1: Ball
1-1: Foul Ball, location: 2F
1-2: Strikes out looking
Bottom of the 8th over - 0 runs, 0 hits, 0 errors, 0 left on base; D.C. 5 - Seattle 2
TOP OF THE 9TH
D.C. Divided batting - Pitching for Seattle Rocketeers : RHP Cristóbal Román
Batting: LHB Bill Butler 0-0: Ball
1-0: Swinging Strike
1-1: Ground out U3 (Groundball, 3, EV 98.8 MPH)
Batting: RHB Martín Chávez 0-0: SINGLE (Line Drive, 5D, EV 95.6 MPH)
Batting: RHB Mario Castillo 0-0: Ball
1-0: Ball
2-0: Called Strike
2-1: Foul Ball, location: 2F
2-2: Ball
3-2: Base on Balls
Martín Chávez to second
Pitching: RHP Suhaila Zainuddin
Batting: LHB Alex Avery 0-0: Fly out, F8 (Flyball, 78M, EV 81.2 MPH)
Batting: RHB Kimi Okubo 0-0: Called Strike
0-1: Ball
1-1: Foul Ball, location: 2F
1-2: Foul Ball, location: 2F
1-2: Fielders Choice at 2nd, 6-4 (Groundball, 6, EV 102.5 MPH)
Top of the 9th over - 0 runs, 1 hit, 0 errors, 2 left on base; D.C. 5 - Seattle 2
BOTTOM OF THE 9TH
Seattle Rocketeers batting - Pitching for D.C. Divided : RHP Baker Mayfield
Pitching: RHP Sidney Crosbie
Now at C: Gustavo González
Batting: LHB Rafael Barrueco 0-0: Ball
1-0: Foul Ball, location: 2F
1-1: Swinging Strike
1-2: Ball
2-2: Strikes out swinging
Batting: SHB Glyn Bolasky 0-0: Called Strike
0-1: Foul Ball, location: 2F
0-2: Ball
1-2: Ball
2-2: Ball
3-2: Base on Balls
Batting: RHB Jurgen Flurgenburgen 0-0: Ball
1-0: Grounds out, U3 (Groundball, 3L, EV 86.9 MPH)
Batting: SHB Charles Geudre 0-0: Ball
1-0: Called Strike
1-1: Ball
2-1: Called Strike
2-2: Ball
3-2: Base on Balls
Pitching: RHP Luis Bejarano
Batting: SHB Lodd Felton 0-0: Ball
1-0: Ball
Wild Pitch!
Glyn Bolasky to third
Charles Geudre to second
2-0: Ball
3-0: Base on Balls
Batting: SHB Obke Preesman 0-0: Swinging Strike
0-1: Foul Ball, location: 2F
0-2: Ball
1-2: Foul Ball, location: 2F
1-2: Ball
2-2: Ground out 4-3 (Groundball, 4, EV 110.6 MPH)
Bottom of the 9th over - 0 runs, 0 hits, 0 errors, 3 left on base; D.C. 5 - Seattle 2
Wednesday, July 8th, 2020 - OOTP Baseball 20.8 Build 74